 Dungeon Crawl Stone Soup version 0.14.1-26-g5a19342 (webtiles) character file.

4160 Konstantin the Vexing (level 10, 0/56 HPs)
             Began as a Vine Stalker Enchanter on July 10, 2014.
             Was a Believer of Sif Muna.
             Slain by a killer bee (1 damage)
             ... on Level 9 of the Dungeon on July 11, 2014.
             The game lasted 02:23:57 (9877 turns).

Konstantin the Vexing (Vine Stalker Enchanter)      Turns: 9877, Time: 02:23:57

HP   0/56        AC 10     Str 14      XL: 10   Next: 22%
MP   0/24        EV 13     Int -22 (17)God: Sif Muna [**....]
Gold 182         SH  0     Dex 16      Spells:  6 memorised,  3 levels left

rFire  . . .     SeeInvis .     a - +2,+3 dagger (venom)
rCold  + . .     Clarity  .     z - +2 leather armour {rC+}
rNeg   . . .     Conserve +     (no shield)
rPois  .         rCorr    .     (no helmet)
rElec  .         rRot     +     E - +0 cloak
SustAb . .       Spirit   +     G - +0 pair of gloves
rMut   .         Warding  .     e - +2 pair of boots
Saprov . . .     Stasis   .     P - amulet of conservation
MR     ++...                    T - ring of protection from magic
                                l - +3 ring of strength

@: lost intelligence, lethally poisoned, very slow, very resistant to hostile
enchantments, quite stealthy
A: fangs 3, regeneration 2, robust 1, magic shield, antimagic bite, no device
heal
a: Channel Energy, Forget Spell, Renounce Religion


You were on level 9 of the Dungeon.
You worshipped Sif Muna.
Sif Muna was pleased with you.
You were hungry.

You visited 2 branches of the dungeon, and saw 10 of its levels.
You also visited: Sewer.

You collected 422 gold pieces.
You spent 240 gold pieces at shops.

Inventory:

Hand weapons
 a - a +2,+3 dagger of venom (weapon)
 d - a +2,+2 short sword of draining
 j - a +2,+2 dagger of draining
 O - a +0,+0 short sword of speed
Armour
 e - a +2 pair of boots (worn)
 z - a +2 leather armour of cold resistance (worn)
 E - a +0 cloak (worn)
 G - a +0 pair of gloves (worn)
Magical devices
 u - a wand of teleportation (5)
 v - a wand of hasting (4)
 H - a wand of enslavement (8)
 Z - a wand of fire (8)
Comestibles
 b - 2 rotting chunks of worker ant flesh
 f - 4 bread rations
 g - a pear
 i - 3 meat rations
 m - a sausage
 q - a rambutan
 D - 4 rotting chunks of wyvern flesh
 J - 3 rotting chunks of orc flesh
 M - 3 rotting chunks of orc flesh
 W - 2 apples
 Y - a rotting chunk of hobgoblin flesh
Scrolls
 k - a scroll of random uselessness {unknown}
 n - a scroll of immolation
 t - 3 scrolls of teleportation
 y - 7 scrolls of remove curse
 B - a scroll of fog {unknown}
 F - a scroll of amnesia {unknown}
 L - a scroll of blinking {unknown}
 N - a scroll of enchant weapon II {unknown}
 Q - a scroll of magic mapping {unknown}
 X - a scroll of recharging {unknown}
Jewellery
 l - a +3 ring of strength (left hand)
 P - an amulet of conservation (around neck)
 T - a ring of protection from magic (right hand)
Potions
 h - 2 potions of cure mutation
 o - a potion of flight {unknown}
 p - 4 potions of haste
 r - a potion of restore abilities {unknown}
 s - a potion of brilliance {unknown}
 w - 2 potions of agility
 A - a potion of resistance {unknown}
 C - a potion of paralysis {unknown}
 K - a potion of invisibility {unknown}
 R - 4 potions of might
 S - a potion of degeneration {unknown}
 V - a potion of mutation {unknown}
Books
 c - a book of Maledictions

   Spells                             Type                      Level
   *Corona                            Hexes                        1
   *Sure Blade                        Hexes/Charms                 2
   *Ensorcelled Hibernation           Hexes/Ice                    2
   *Confuse                           Hexes                        3
   *Enslavement                       Hexes                        4
   Invisibility                       Hexes                        6
 I - a book of Annihilations {highlevel, unknown}

   This book is beyond your current level of understanding.

   Spells                             Type                      Level
   Poison Arrow                       Conjuration/Poison           6
   Chain Lightning                    Conjuration/Air              8
   Lehudib's Crystal Spear            Conjuration/Earth            8
   Glaciate                           Conjuration/Ice              9
   Fire Storm                         Conjuration/Fire             9
 U - a book of the Warp

   Spells                             Type                      Level
   Control Teleport                   Charms/Translocation         4
   Phase Shift                        Translocation                5
   Warp Weapon                        Charms/Translocation         5
   *Summon Forest                     Summoning/Translocation      5
   Dispersal                          Translocation                6
   Controlled Blink                   Translocation                7
   Disjunction                        Translocation                8


   Skills:
 * Level 5.1 Fighting
 * Level 5.0 Short Blades
 - Level 0.8 Throwing
 * Level 4.6 Dodging
 + Level 5.9 Stealth
 * Level 5.8 Spellcasting
 * Level 6.4 Hexes
 - Level 3.0 Charms
 + Level 1.5 Summonings
 + Level 3.4 Ice Magic
 + Level 3.0 Invocations


You had 3 spell levels left.
You knew the following spells:

 Your Spells              Type           Power        Failure   Level  Hunger
a - Corona                Hex            #......      3%          1    ##.....
b - Ensorcelled Hibernat  Hex/Ice        #.....       12%         2    ###....
c - Sure Blade            Hex/Chrm       #.........   12%         2    ###....
d - Confuse               Hex            #.......     12%         3    ####...
e - Enslavement           Hex            #.......     34%         4    #####..
f - Summon Forest         Summ/Tloc      #.........   100%        5    ######.


Dungeon Overview and Level Annotations

Branches:
Dungeon (9/15)             Temple (1/1) D:5
    Orc: D:9-12        Lair: D:8-11

Altars:
Ashenzari
Cheibriados
Dithmenos
Elyvilon
Fedhas
Kikubaaqudgha
Makhleb
Nemelex Xobeh
Okawaru
Sif Muna
Trog
Vehumet
Xom
Yredelemnul
Zin
The Shining One

Shops:
D:5 *

Annotations:
D:9 exclusion: orange crystal statue


Innate Abilities, Weirdness & Mutations

You are immune to rotting.
You have razor-sharp teeth.
You heal very quickly.
When hurt, damage is shared between your health and your magic reserves.
Your bite disrupts and absorbs the magic of your enemies.
Potions and wands cannot restore your HP.
You are robust (+10% HP).


Message History

You are more poisoned.
The killer bee poisons you! The killer bee completely misses you.
The killer bee completely misses you.
Drink which item? (? for menu, Esc to quit)
Okay, then.
Read which item? (? for menu, Esc to quit)
Okay, then.
* * * LOW HITPOINT WARNING * * *
You feel sick. The killer bee closely misses you.
The killer bee stings you but does no damage.
The killer bee barely misses you.
* * * LOW HITPOINT WARNING * * *
You feel sick. The killer bee misses you. The killer bee closely misses you.
The killer bee misses you.
You are feeling hungry.
* * * LOW HITPOINT WARNING * * *
You feel sick. The killer bee closely misses you. The killer bee misses you.
* * * LOW HITPOINT WARNING * * *
You feel sick. The killer bee closely misses you. The killer bee stings you.
You die...

<.# #......# ..# #......#
..# ##..#########.. ..#
#............
)%########.##......##
...(.).[...........#
##)###......#......#
....##......####.###
....##......# #@# ###
....##......# #k####(##
....##......# #..##...##
....##......# #.##%.8..##
....##......# #..##.....##
....##......# #...##.....##
##### ..# #.)(.##.....###..
##)######......k#
###.#######.%..##.......#.#


You could see a killer bee.

Vanquished Creatures
  A two-headed ogre (D:9)
  Prince Ribbit (D:6)
  A wyvern (D:9)
  Eustachio (D:6)
  A hungry ghost (D:8)
  An ugly thing (D:7)
  2 ice beasts
  4 ogres
  3 centaurs
  2 orc warriors
  Duvessa (D:4)
  3 giant frogs
  A water moccasin zombie (D:7)
  2 scorpions
  A wight (D:7)
  2 hippogriff skeletons
  2 killer bees (D:9)
  2 crimson imps (D:5)
  Dowan (D:4)
  A centaur zombie (D:7)
  5 hounds
  2 jellies (D:6)
  6 iguanas
  A big fish (D:5)
  2 giant frog skeletons
  Crazy Yiuf (D:5)
  9 orc wizards
  Natasha (thrice) (D:3)
  3 orc priests
  6 worker ants
  A goliath beetle (D:6)
  Ijyb (D:2)
  An ogre skeleton (D:5)
  An ogre zombie (D:6)
  A hound zombie (D:7)
  15 adders
  8 gnolls
  3 giant mites
  3 green rats
  2 shadow imps
  An adder skeleton (D:5)
  7 worms
  3 giant eyeballs
  4 giant geckos
  3 oozes
  33 orcs
  8 ball pythons
  A bat skeleton (D:8)
  2 gnoll skeletons
  14 goblins
  13 hobgoblins
  7 jackals
  15 kobolds
  5 quokkas
  2 bats
  13 giant cockroaches
  7 giant newts
  A giant spore (D:7)
  A hobgoblin zombie (D:7)
  A kobold skeleton (D:7)
  2 orc skeletons
  25 rats
  A rat skeleton (D:8)
  A rat zombie (D:7)
  4 ballistomycetes
281 creatures vanquished.

Vanquished Creatures (collateral kills)
  A gnoll (D:6)
1 creature vanquished.

Vanquished Creatures (others)
  A giant spore (D:9)
1 creature vanquished.

Grand Total: 283 creatures vanquished

Notes
Turn   | Place    | Note
--------------------------------------------------------------
     0 | D:1      | Konstantin, the Vine Stalker Enchanter, began the quest for the Orb.
     0 | D:1      | Reached XP level 1. HP: 9/9 MP: 3/3
    43 | D:1      | Reached skill level 1 in Short Blades
   184 | D:1      | Reached XP level 2. HP: 13/13 MP: 1/5
   225 | D:1      | Learned a level 2 spell: Ensorcelled Hibernation
   228 | D:1      | Learned a level 2 spell: Sure Blade
   941 | D:2      | Noticed Ijyb
   962 | D:2      | Killed Ijyb
   962 | D:2      | Reached XP level 3. HP: 9/17 MP: 5/7
  1017 | D:2      | Gained mutation: You are robust (+10% HP). [potion of beneficial mutation]
  1446 | D:2      | Reached skill level 1 in Fighting
  1506 | D:2      | Reached XP level 4. HP: 24/24 MP: 9/9
  1739 | D:3      | Noticed Natasha
  1749 | D:3      | Killed Natasha
  1822 | D:3      | Noticed Natasha
  1829 | D:3      | Killed Natasha
  1989 | D:3      | Reached XP level 5. HP: 27/27 MP: 6/12
  2004 | D:3      | Reached skill level 1 in Charms
  2025 | D:3      | Learned a level 3 spell: Confuse
  2251 | D:3      | Noticed Natasha
  2255 | D:3      | Killed Natasha
  2305 | D:3      | Found a snail-covered altar of Cheibriados.
  2887 | D:4      | Found a deep blue altar of Sif Muna.
  2918 | D:4      | Became a worshipper of Sif Muna the Loreminder
  3143 | D:3      | Gained mutation: You heal very quickly. [vine stalker growth]
  3143 | D:3      | Reached XP level 6. HP: 33/33 MP: 13/15
  3603 | D:4      | Reached skill level 1 in Ice Magic
  3867 | D:4      | Noticed Duvessa
  3870 | D:4      | Noticed Dowan
  3879 | D:4      | Killed Duvessa
  3879 | D:4      | Reached skill level 4 in Stealth
  3879 | D:4      | Reached XP level 7. HP: 20/38 MP: 9/17
  4004 | D:4      | Killed Dowan
  4182 | D:4      | Learned a level 4 spell: Enslavement
  4422 | D:5      | Entered Level 5 of the Dungeon
  4519 | D:5      | Found a white marble altar of Elyvilon.
  4922 | D:5      | Found a staircase to the Ecumenical Temple.
  4950 | Temple   | Entered the Ecumenical Temple
  5067 | D:5      | Found a sparkling altar of Nemelex Xobeh.
  5090 | D:5      | Noticed Crazy Yiuf
  5104 | D:5      | Killed Crazy Yiuf
  5204 | D:5      | Found Praunaj's Assorted Antiques.
  5220 | D:5      | Bought a runed leather armour for 40 gold pieces
  5220 | D:5      | Bought a dyed leather armour for 40 gold pieces
  5296 | D:5      | Bought a scroll labeled PRAICS KLORAFF for 20 gold pieces
  5296 | D:5      | Bought a scroll labeled PHIUXE HORINISS for 20 gold pieces
  5474 | D:5      | Gained mutation: You have razor-sharp teeth. [vine stalker growth]
  5474 | D:5      | Reached XP level 8. HP: 44/44 MP: 12/20
  5751 | D:6      | Acquired Sif Muna's first power
  6089 | D:6      | Found a glowing drain.
  6096 | Sewer    | Entered a sewer
  6404 | Sewer    | Reached skill level 1 in Invocations
  6764 | D:6      | Reached skill level 5 in Hexes
  6813 | D:6      | Reached skill level 5 in Stealth
  7041 | D:6      | Noticed Prince Ribbit
  7270 | D:5      | Bought 2 scrolls of remove curse for 120 gold pieces
  7433 | D:7      | Reached XP level 9. HP: 49/49 MP: 18/21
  7694 | D:7      | Found a bloodstained altar of Trog.
  7789 | D:7      | Paralysed by a giant eyeball for 4 turns
  7799 | D:7      | Paralysed by a giant eyeball for 3 turns
  8129 | D:6      | Killed Prince Ribbit
  8131 | D:6      | Noticed Eustachio
  8138 | D:6      | Killed Eustachio
  8138 | D:6      | Reached skill level 5 in Spellcasting
  8569 | D:8      | Learned a level 5 spell: Summon Forest
  8748 | D:8      | Acquired Sif Muna's second power
  8975 | D:8      | Reached skill level 6 in Hexes
  9291 | D:7      | Noticed a hill giant
  9326 | D:7      | Reached skill level 1 in Summonings
  9554 | D:9      | Reached XP level 10. HP: 56/56 MP: 24/24
  9712 | D:9      | Reached skill level 5 in Fighting
  9716 | D:9      | Reached skill level 5 in Short Blades
  9789 | D:9      | Lost intelligence.
  9875 | D:9      | HP: 2/56 [poisoned by a killer bee]
  9877 | D:9      | Slain by a killer bee

Action                   |  1- 3 |  4- 6 |  7- 9 | 10-12 || total
-------------------------+-------+-------+-------+-------++-------
Melee: Dagger            |   109 |    48 |   158 |    30 ||   345
       Short sword       |       |   112 |   233 |    13 ||   358
Throw: Dart              |    12 |     2 |       |       ||    14
 Cast: Corona            |     7 |     1 |     2 |       ||    10
       Ensorcelled Hiber |    11 |    29 |    98 |    11 ||   149
       Sure Blade        |     1 |     4 |    10 |       ||    15
       Confuse           |       |     9 |    19 |     2 ||    30
Invok: Channel Energy    |       |       |    37 |     2 ||    39
Evoke: Wand              |       |     1 |    23 |       ||    24
  Use: Scroll            |     2 |     3 |    10 |       ||    15
       Potion            |     2 |     2 |     3 |     3 ||    10
 Stab: Sleeping          |     9 |    16 |    58 |     4 ||    87
       Confused          |       |       |    10 |     3 ||    13
